 Dungeon Crawl Stone Soup version 0.20.1-1-g8b1a95d (webtiles) character file.

355 Energizer the Slasher (level 6, -8/48 HPs)
             Began as a Demonspawn Chaos Knight on July 20, 2017.
             Mangled by an iguana (10 damage)
             ... on level 3 of the Dungeon.
             The game lasted 00:08:39 (3367 turns).

Energizer the Slasher (Demonspawn Chaos Knight)     Turns: 3367, Time: 00:08:39

Health: -8/48      AC: 12    Str: 15    XL:     6   Next: 36%
Magic:  6/6        EV:  8    Int: 13    God:    Xom [..*...]
Gold:   264        SH:  7    Dex: 12    Spells: 5/5 levels left

rFire    . . .     SeeInvis .   a - +0 falchion (chaos)
rCold    + . .     Gourm    .   m - +0 shield
rNeg     . . .     Faith    .   u - quicksilver dragon scales
rPois    .         Spirit   .   (no helmet)
rElec    .         Reflect  .   (no cloak)
rCorr    .         Harm     .   (no gloves)
MR       +....                  (no boots)
Stlth    +.........             (no amulet)
Regen    0.2/turn               (no ring)
MPRegen  0.1/turn               (no ring)

@: no status effects
A: icy blue scales 1, cold resistance 1, freezing cloud immunity
a: Renounce Religion


You were on level 3 of the Dungeon.
You worshipped Xom.
You were a toy of Xom.
You were not hungry.

You visited 1 branch of the dungeon, and saw 4 of its levels.

You collected 264 gold pieces.

Inventory:

Hand Weapons
 a - a +0 falchion of chaos (weapon)
Armour
 b - a +2 leather armour
 m - a +0 shield (worn)
 o - a +2 pair of gloves
 u - quicksilver dragon scales (worn)
Jewellery
 v - a +4 ring of dexterity {unknown}
Wands
 r - a wand of paralysis (7/24)
Scrolls
 e - 4 scrolls of identify {unknown}
 f - 2 scrolls of amnesia {unknown}
 h - a scroll of enchant armour {unknown}
 i - a scroll of recharging {unknown}
 j - 5 scrolls of remove curse {unknown}
 k - a scroll of teleportation {unknown}
 l - a scroll of blinking {unknown}
Potions
 d - a potion of curing {unknown}
 g - 2 potions of lignification {unknown}
 t - a potion of degeneration {unknown}
Books
 p - a book of Minor Magic

   Spells                             Type                      Level
   a - Magic Dart                     Conjuration                  1
   b - Blink                          Translocation                2
   c - Call Imp                       Summoning                    2
   d - Slow                           Hexes                        2
   e - Conjure Flame                  Conjuration/Fire             3
   f - Mephitic Cloud                 Conjuration/Poison/Air       3
 q - a book of Conjurations

   Spells                             Type                      Level
   a - Magic Dart                     Conjuration                  1
   b - Searing Ray                    Conjuration                  2
   c - Dazzling Spray                 Conjuration/Hexes            3
   d - Fulminant Prism                Conjuration/Hexes            4
   e - Force Lance                    Conjuration/Translocation    4
   f - Iskenderun's Mystic Blast      Conjuration                  4
Comestibles
 c - 2 bread rations
 n - a meat ration
 s - 2 chunks of flesh


   Skills:
 + Level 3.8 Fighting
 * Level 4.3 Long Blades
 + Level 2.8 Armour
 + Level 2.4 Dodging
 + Level 2.0 Stealth
 + Level 1.2 Shields


You had 5 spell levels left.
You didn't know any spells.

Dungeon Overview and Level Annotations

Branches:
Dungeon (4/15)
 Temple: D:4-7

Altars:
Okawaru


Innate Abilities, Weirdness & Mutations

You are partially covered in icy blue scales. (AC +2)
Your flesh is cold resistant. (rC+)
You are immune to freezing clouds.


Message History

You block the orc's attack. Something bites you!
You climb upwards.
There is a stone staircase leading down here.
You barely miss the orc. You block the orc's attack.
Something bites you but does no damage.
You hit the orc but do no damage.
The orc seems to slow down.
Something bites you! The orc barely misses you. Something bites you.
There is a stone staircase leading up here.
There is an escape hatch in the ceiling here.
You closely miss something. Something bites you!
* * * LOW HITPOINT WARNING * * *
You hit something. Something bites you!
* * * LOW HITPOINT WARNING * * *
You hit something.
Nothing appears to happen.
Something bites you.
* * * LOW HITPOINT WARNING * * *
You block something's attack.
You closely miss something.
The orc is no longer moving slowly.
Something bites you!
You die...

######### #.......# #####
#######.#####@# #.[.#####
#.....(.# #.###.....>.######
####..###..# #.o..o..##........
.>....# #..# #.....)......#####
####..###..#####......###>..####
#.#.........................#
#.##..#.....................#
####.##..#..####...............#
.....................).#....#.##


You could see an orc.

Vanquished Creatures
  An orc priest (D:3)
  An iguana (D:4)
  Ijyb (D:4)
  A gnoll (D:3)
  4 adders
  An ooze (D:2)
  2 worms
  2 dart slugs (D:2)
  4 leopard geckos
  11 orcs
  2 giant cockroaches
  13 goblins
  5 hobgoblins
  A jackal (D:4)
  10 kobolds
  A quokka (D:2)
  6 bats
  5 frilled lizards
  9 rats
80 creatures vanquished.

Vanquished Creatures (collateral kills)
  The ghost of SirMumm the Magician, an amateur GrWz (D:4)
  Blork the orc (D:4)
2 creatures vanquished.

Vanquished Creatures (others)
  A worm (D:2)
1 creature vanquished.

Grand Total: 83 creatures vanquished

Notes
Turn   | Place    | Note
-------+----------+-------------------------------------------
     0 | D:1      | Energizer the Demonspawn Chaos Knight began the quest for the Orb.
     0 | D:1      | Reached XP level 1. HP: 18/18 MP: 1/1
    30 | D:1      | Reached skill level 1 in Dodging
   119 | D:1      | Gained mutation: Your flesh is cold resistant. (rC+) [demonic ancestry]
   119 | D:1      | Reached XP level 2. HP: 20/24 MP: 2/2
   208 | D:1      | XOM: divination: detect creatures
   374 | D:1      | XOM: cloud trail
   608 | D:2      | Reached skill level 3 in Long Blades
   615 | D:2      | XOM: silly message
   660 | D:2      | Gained mutation: You are partially covered in icy blue scales. (AC +2) [demonic ancestry]
   660 | D:2      | Reached XP level 3. HP: 13/29 MP: 3/3
   890 | D:2      | XOM: medium Fire miscast
  1196 | D:2      | Reached skill level 1 in Stealth
  1261 | D:2      | XOM: divination: detect items
  1352 | D:2      | XOM: harmless Conj miscast
  1356 | D:2      | Gained mutation: You are immune to freezing clouds. [demonic ancestry]
  1356 | D:2      | Reached XP level 4. HP: 22/35 MP: 4/4
  1535 | D:2      | XOM: harmless Conj miscast
  1615 | D:3      | XOM: noise
  1886 | D:3      | XOM: confuse monster(s)
  1898 | D:3      | Reached XP level 5. HP: 20/41 MP: 5/5
  1999 | D:3      | XOM: mild Summ miscast
  2572 | D:3      | Found an iron altar of Okawaru.
  3009 | D:4      | Noticed Ijyb
  3019 | D:4      | Paralysed by Ijyb for 6 turns
  3020 | D:4      | XOM: harmless Tloc miscast
  3026 | D:4      | Killed Ijyb
  3026 | D:4      | Reached skill level 4 in Long Blades
  3039 | D:4      | Noticed SirMumm's ghost (amateur GrWz)
  3039 | D:4      | Noticed Blork the orc
  3053 | D:4      | Killed Blork the orc
  3061 | D:4      | Killed SirMumm's ghost
  3061 | D:4      | Reached skill level 1 in Shields
  3061 | D:4      | Reached XP level 6. HP: 25/48 MP: 6/6
  3276 | D:4      | XOM: silly message
  3366 | D:3      | HP: 2/48 [something (3)]
  3367 | D:3      | Mangled by an iguana

Skill      XL: |  1  2  3  4  5 |
---------------+----------------+-----
Dodging        | 1 2 |  2.4
Armour         | 2 |  2.8
Long Blades    | 3 4 |  4.3
Stealth        | 1 2 |  2.0
Shields        | 1 |  1.2
Fighting       | |  3.8

Action                   |  1- 3 |  4- 6 || total
-------------------------+-------+-------++-------
Melee: Falchion          |    97 |   155 ||   252
 Stab: Confused          |     1 |       ||     1
       Sleeping          |     1 |     1 ||     2
  Eat: Chunk             |     1 |     7 ||     8
Armor: Leather armour    |    37 |    39 ||    76
       Quicksilver drago |       |     5 ||     5
Dodge: Dodged            |    52 |    57 ||   109
Block: Shield            |       |    41 ||    41
       Rpst.: Falchion   |    23 |    18 ||    41
